 Dungeon Crawl Stone Soup version 0.28.0-47-ge53b351184 (webtiles) character file.

Game seed: 6258780163702211192

218802 crimpus the Peltast (level 19, 0/190 HPs)
             Began as a Gargoyle Berserker on May 1, 2022.
             Was a High Priest of Trog.
             Splashed by the Royal Jelly's acid (1 damage)
             ... on level 5 of the Pits of Slime on May 7, 2022.
             The game lasted 01:35:14 (52374 turns).

crimpus the Peltast (Gargoyle Berserker)           Turns: 52374, Time: 01:35:14

Health: 0/190      AC: 39    Str: 33    XL:     19   Next: 12%
Magic:  0/19       EV: 10    Int: 12    God:    Trog [*****.]
Gold:   70         SH: 21    Dex: 11    Spells: 18/18 levels left

rFire   x . .      SeeInvis .   Y - +4 demon whip (freeze)
rCold   + . .      Faith    .   E - +2 kite shield {AC+3}
rNeg    + . .      Spirit   .   N - +0 ice dragon scales
rPois   ∞          Reflect  +   t - +2 hat
rElec   +          Harm     .   z - +0 cloak
rCorr   +          Rampage  .   d - +3 Mad Mage's Maulers {Infuse+∞ RegenMP Int-3}
Will    +....                   W - +1 pair of boots
Stlth   ..........              S - amulet of reflection
HPRegen 0.41/turn               C - ring of resist corrosion
MPRegen 0.56/turn               Z - ring of the Well-Known Scars {rC- Str+6 Int+3 Slay+4}

@: berserking, marked, engulfed, corroded, flying, unable to read, very quick
A: sickness immunity, AC +14, big wings, negative energy resistance 1,
electricity resistance, torment resistance 1, petrification resistance, agile 1,
clever 1, mutation resistance 1, inability to read while threatened
}: 1/15 runes: serpentine
a: Renounce Religion, Berserk, Trog's Hand, Brothers in Arms


You were on level 5 of the Pits of Slime.
You worshipped Trog.
Trog was extremely pleased with you.
You visited 6 branches of the dungeon, and saw 33 of its levels.
You also visited: Ice Cave.

You collected 2526 gold pieces.
You spent 2456 gold pieces at shops.

Inventory:

Hand Weapons
 Y - a +4 demon whip of freezing (weapon)
Armour
 d - the +3 Mad Mage's Maulers (worn) {Infuse+∞ RegenMP Int-3}
   (You acquired it on level 13 of the Dungeon)

   It empowers its wearer's blows with all of their magic.
   It causes its wearer's magical reserves to regenerate more quickly.
   Int:       It affects your intelligence (-3).
 t - a +2 hat (worn)
 z - a +0 cloak (worn)
 E - a +2 kite shield of protection (worn)
 N - +0 ice dragon scales (worn)
 W - a +1 pair of boots (worn)
Jewellery
 e - a ring of fire
 f - a ring of protection from cold
 g - an amulet of the acrobat
 h - a ring of see invisible
 p - a ring of positive energy
 r - an amulet of guardian spirit
 B - a +4 ring of protection
 C - a ring of resist corrosion (left hand)
 D - a ring of protection from fire
 L - a +4 ring of evasion
 S - an amulet of reflection (around neck)
 Z - the ring of the Well-Known Scars (right hand) {rC- Str+6 Int+3 Slay+4}
   (You bought it in a shop on level 2 of the Orcish Mines)

   [ring of strength]

   Str:       It affects your strength (+6).
   Int:       It affects your intelligence (+3).
   Slay:      It affects your accuracy & damage with ranged weapons and melee
   (+4).
   rC:        It makes you vulnerable to cold.
Wands
 a - a wand of digging (7)
 j - a wand of polymorph (26)
 k - a wand of paralysis (13)
 l - a wand of flame (122)
 y - a wand of mindburst (2)
 F - a wand of charming (12)
 I - a wand of acid (4)
 M - a wand of iceblast (9)
Scrolls
 c - 7 scrolls of identify
 i - 5 scrolls of blinking
 m - a scroll of holy word
 n - 2 scrolls of magic mapping
 q - 5 scrolls of noise
 v - 3 scrolls of enchant armour
 w - 7 scrolls of fear
 x - 4 scrolls of fog
 P - 2 scrolls of torment
 Q - 2 scrolls of summoning
 U - 5 scrolls of teleportation
Potions
 b - 2 potions of berserk rage
 o - a potion of attraction
 s - 2 potions of mutation
 u - a potion of haste
 A - 3 potions of lignification
 H - 10 potions of curing
 K - 2 potions of might
 R - 6 potions of heal wounds
 T - a potion of cancellation
 V - 2 potions of invisibility


   Skills:
 * Level 16.4 Fighting
 * Level 18.8 Maces & Flails
 * Level 14.5 Armour
 - Level 1.5 Dodging
 * Level 13.9 Stealth
 * Level 19.5 Shields


You had 18 spell levels left.
You didn't know any spells.
Your spell library was empty.

Dungeon Overview and Level Annotations

Branches:
Dungeon (15/15)            Temple (1/1) D:5            Lair (6/6) D:8
 Shoals (0/4) Lair:4        Snake (4/4) Lair:3        Slime (5/5) Lair:6
    Orc (2/2) D:12            Elf (0/3) Orc:2        Vaults (0/5) D:14
 Depths (0/4) D:15          IceCv (visited)

Altars:
Ashenzari
Cheibriados
Dithmenos
Elyvilon
Fedhas
Gozag
Hepliaklqana
Kikubaaqudgha
Makhleb
Nemelex Xobeh
Okawaru
Qazlal
Ru
Trog
Uskayaw
Vehumet
Wu Jian
Xom
Yredelemnul
Zin
The Shining One
Jiyva

Shops:
D:1 [   Orc:2 !=*[   Snake:4 ?!!=

Portals:
Pandemonium: Orc:2

Annotations:
Lair:2 exclusion: ice statue
Slime:5 Royal Jelly


Innate Abilities, Weirdness & Mutations

You are immune to sickness and miasma.
Your stone body is resilient. (AC +14)
You are immune to poison.
Your large and strong wings let you fly.
You resist negative energy. (rN+)
You are resistant to electric shocks. (rElec)
You are resistant to unholy torment.
You are immune to petrification.
You are agile. (Dex +2)
Your mind is acute. (Int +2)
You are somewhat resistant to further mutation.
You sometimes lose the ability to read scrolls when taking damage.


Message History

You barely miss the Royal Jelly.
The Royal Jelly is severely wounded.
The Royal Jelly hits you.
You are splashed with acid.
You resist. The Royal Jelly hits you.
You are splashed with acid.
You resist.
* * * LOW HITPOINT WARNING * * *
The azure jelly hits you but does no damage.
You block the azure jelly's attack. The azure jelly misses you.
The azure jelly hits you but does no damage.
You block the quicksilver ooze's attack.
The quicksilver ooze hits you but does no damage.
You block the rockslime's attack.
You are too berserk!
You thrash the Royal Jelly!! You freeze the Royal Jelly!
Your hands burn!
* * * LOW HITPOINT WARNING * * *
The Royal Jelly is almost dead.
The Royal Jelly shudders violently.
The Royal Jelly spits out three more jellies.
The rockslime hits you!!
* * * LOW HITPOINT WARNING * * *
You hold your ground!
You block the rockslime's attack. You block the acid blob's attack.
You thrash the Royal Jelly!! You freeze the Royal Jelly.
Your hands burn!
* * * LOW HITPOINT WARNING * * *
The Royal Jelly is almost dead.
The Royal Jelly shudders vigorously.
The Royal Jelly spits out two more jellies.
The acid blob jiggles.
The acid blob hits you but does no damage.
You block the Royal Jelly's attack. x2; The quicksilver ooze hits you.
You block the quicksilver ooze's attack.
A slime creature comes into view.
You block the azure jelly's attack.
The azure jelly hits you but does no damage. x3
The rockslime hits you!!
* * * LOW HITPOINT WARNING * * *
You hold your ground!
Unknown command.
Unknown command.
You thrash the Royal Jelly!! You freeze the Royal Jelly.
Your hands burn!
You die...

.........##
^.........#
..........##
.............##
..............#
.........GJJ...###
........JJJJJ.....#
........JJJ@J....#
...........JJJJ....#
............JJJ...##
.......J...........#
##..................#
#..................##
#..................#
#.................#
##...............###


You could see the Royal Jelly, 4 acid blobs, 4 azure jellies, a great orb of
eyes, a slime creature, 6 rockslimes and 3 quicksilver oozes.

Vanquished Creatures
  Saint Roka (Snake:4)
  Vashnia (Snake:4)
  Mlioglotl (Snake:4)
  Gastronok (Lair:1)
  18 acid blobs
  Agnes (Snake:4)
  5 nagarajas (Snake:4)
  6 rockslimes
  2 azure jellies
  Aizul (Snake:2)
  4 quicksilver oozes
  2 ettins
  Josephine (D:15)
  4 great orbs of eyes
  Harold (D:9)
  9 hydras
  A rakshasa (D:14)
  3 salamander tyrants (Snake:4)
  2 boulder beetles
  13 naga warriors
  An ice dragon (Lair:2)
  4 two-headed ogres
  4 anacondas
  2 centaur warriors
  2 dancing weapons (D:14)
  2 death knights
  2 tengu warriors
  8 orc high priests (Orc:2)
  19 naga sharpshooters
  Urug (D:10)
  A hell knight (D:15)
  3 shock serpents (Snake:4)
  Nergalle (D:10)
  14 spriggans (Lair:6)
  3 salamander mystics (Snake:4)
  7 skeletal warriors (D:14)
  3 sea snakes (Snake:4)
  8 naga ritualists
  2 bog bodies (IceCv)
  A wizard (D:15)
  A lindwurm (Lair:4)
  Pikel (D:9)
  A phantasmal warrior (D:12)
  4 orc knights (Orc:2)
  A necromancer (D:15)
  11 mana vipers
  4 orc sorcerers (Orc:2)
  6 cyclopes
  9 ugly things
  11 salamanders
  2 manticores
  A manticore (shapeshifter) (D:14)
  6 shining eyes
  2 guardian serpents
  27 black mambas
  An ice statue (IceCv)
  17 elephants
  5 eyes of devastation
  20 naga magi
  19 cane toads
  Maurice (D:9)
  An orange demon (Orc:2)
  2 gargoyles (D:13)
  Maggie (Lair:1)
  An unseen horror (D:12)
  Psyche (D:10)
  8 rime drakes
  A kobold demonologist (D:9)
  A tengu conjurer (D:13)
  An entropy weaver simulacrum (IceCv)
  2 ice devils
  An efreet (D:15)
  14 komodo dragons
  A red devil (Orc:2)
  5 freezing wraiths
  14 trolls
  5 hornets (Lair:6)
  11 blink frogs
  7 polar bears
  70 slime creatures
  6 dream sheep (Lair:6)
  A centaur simulacrum (D:14)
  A dire elephant simulacrum (IceCv)
  2 shadows
  2 vampires (D:13)
  10 wraiths
  5 wyverns
  5 basilisks
  2 golden eyes (Slime:4)
  40 yaks
  Eustachio (D:4)
  9 wargs
  A steam dragon (D:9)
  A death yak simulacrum (IceCv)
  A harpy simulacrum (IceCv)
  A chaos spawn (Orc:2)
  37 nagas
  Duvessa (D:5)
  2 acid dragons
  13 water moccasins
  A hornet zombie (D:8)
  6 black bears
  34 orc warriors
  A sky beast (D:6)
  8 ice beasts
  A necrophage (D:5)
  10 ogres
  4 boggarts (Lair:6)
  10 centaurs
  35 wolves
  4 phantoms
  18 kobold brigands
  Blork the orc (D:5)
  9 two-headed ogre simulacra (IceCv)
  15 bullfrogs
  A gnoll sergeant (D:10)
  A wyvern zombie (D:7)
  3 scorpions
  5 cane toad simulacra (IceCv)
  A wyvern skeleton (D:6)
  Dowan (D:5)
  A hornet simulacrum (D:12)
  A troll zombie (D:12)
  38 killer bees (D:10)
  4 howler monkeys
  9 wights
  4 electric eels (D:6)
  A bullfrog zombie (D:5)
  4 centaur zombies
  2 hounds (D:6)
  20 orc priests
  3 jellies
  A centaur skeleton (D:7)
  2 iguanas
  17 orc wizards
  4 polar bear simulacra (IceCv)
  4 spriggan simulacra (IceCv)
  3 troll simulacra (IceCv)
  A wolf simulacrum (IceCv)
  2 killer bee zombies
  7 ogre zombies (D:12)
  13 gnolls
  A howler monkey skeleton (D:6)
  4 naga simulacra (IceCv)
  13 adders
  2 shadow imps
  9 white imps
  9 ufetubi
  A worm (D:4)
  5 dart slugs
  61 orcs
  6 ball pythons
  9 endoplasms
  3 giant cockroaches
  31 hobgoblins
  9 jackals
  49 kobolds
  2 quokkas
  8 bats
  3 frilled lizards
  31 goblins
  3 goblin skeletons (D:12)
  4 goblin zombies (D:12)
  2 hobgoblin skeletons (D:12)
  4 hobgoblin zombies (D:12)
  2 orc skeletons (D:12)
  10 orc zombies (D:12)
  7 rats
  A spectral orc (D:12)
1202 creatures vanquished.

Vanquished Creatures (collateral kills)
  2 tengu warriors (D:15)
  A cyclops (D:15)
  2 slime creatures (D:11)
  A meliai zombie (D:11)
  A gnoll sergeant (D:7)
  3 gnolls (D:7)
10 creatures vanquished.

Vanquished Creatures (others)
  A naga sharpshooter (Snake:2)
  A white imp (Lair:2)
  31 fungi
  134 plants
167 creatures vanquished.

Grand Total: 1379 creatures vanquished

Notes
Turn   | Place    | Note
-------+----------+-------------------------------------------
     0 | D:1      | crimpus the Gargoyle Berserker began the quest for the Orb.
     0 | D:1      | Reached XP level 1. HP: 14/14 MP: 1/1
     7 | D:1      | Found Bufuxkaa's Antique Armour Shoppe.
   112 | D:1      | Reached XP level 2. HP: 19/19 MP: 2/2
   740 | D:1      | Found a faded altar of an unknown god.
   747 | D:1      | Reached XP level 3. HP: 18/24 MP: 3/3
  1077 | D:2      | Reached ** piety under Trog
  1082 | D:2      | Found a radiant altar of Vehumet.
  1407 | D:2      | Reached skill level 1 in Stealth
  1539 | D:2      | Reached XP level 4. HP: 27/29 MP: 4/4
  2102 | D:3      | Found a faded altar of an unknown god.
  2191 | D:3      | Reached XP level 5. HP: 19/33 MP: 5/5
  2695 | D:3      | Reached *** piety under Trog
  2864 | D:3      | Reached skill level 1 in Shields
  3159 | D:4      | Noticed Eustachio
  3170 | D:4      | Killed Eustachio
  3171 | D:4      | Reached skill level 5 in Maces & Flails
  3171 | D:4      | Reached XP level 6. HP: 38/38 MP: 6/6
  4191 | D:4      | Reached XP level 7. HP: 44/44 MP: 7/7
  4821 | D:5      | Entered Level 5 of the Dungeon
  4821 | D:5      | Noticed Blork the orc
  4835 | D:5      | Killed Blork the orc
  4836 | D:5      | Reached skill level 2 in Shields
  5388 | D:5      | Reached skill level 5 in Fighting
  5388 | D:5      | Reached XP level 8. HP: 21/49 MP: 8/8
  5940 | D:5      | Reached skill level 5 in Armour
  6004 | D:5      | Found a staircase to the Ecumenical Temple.
  6019 | D:5      | Reached skill level 3 in Shields
  6304 | D:5      | Noticed Dowan
  6304 | D:5      | Noticed Duvessa
  6323 | D:5      | Killed Duvessa
  6325 | D:5      | Killed Dowan
  6607 | D:6      | Reached XP level 9. HP: 39/55 MP: 9/9
  6678 | D:6      | Reached skill level 4 in Shields
  7493 | D:6      | Reached **** piety under Trog
  8350 | D:6      | Reached ***** piety under Trog
  8381 | D:6      | Reached skill level 5 in Shields
  9067 | D:7      | Reached skill level 5 in Stealth
 10000 | D:8      | Reached XP level 10. HP: 42/61 MP: 10/10
 10242 | D:8      | Reached skill level 6 in Shields
 10935 | D:8      | Found a staircase to the Lair.
 11208 | D:9      | Reached skill level 10 in Maces & Flails
 11250 | D:9      | Noticed a two-headed ogre
 11295 | D:9      | Killed a two-headed ogre
 11457 | D:9      | Identified the +10 rapier "Ekulod" {freeze, rCorr}
 11500 | D:9      | Noticed a two-headed ogre
 11518 | D:9      | Killed a two-headed ogre
 11519 | D:9      | Reached skill level 7 in Shields
 11533 | D:9      | Reached XP level 11. HP: 29/67 MP: 11/11
 11595 | D:9      | Identified the +5 war axe "Fow Sebb" {pain, rPois}
 11595 | D:9      | Noticed Maurice
 11741 | D:9      | Killed Maurice
 12074 | D:9      | Noticed Pikel
 12082 | D:9      | Killed Pikel
 12156 | D:9      | Noticed a two-headed ogre
 12168 | D:9      | Killed a two-headed ogre
 12524 | D:9      | Noticed Harold
 12535 | D:9      | Paralysed by Harold for 5 turns
 12564 | D:9      | Killed Harold
 12565 | D:9      | Reached skill level 8 in Shields
 13061 | D:10     | Entered Level 10 of the Dungeon
 13126 | D:10     | Noticed Nergalle
 13142 | D:10     | Noticed Urug
 13150 | D:10     | Killed Nergalle
 13176 | D:10     | Gained mutation: Your flesh is cold resistant. (rC+)
                  | [potion of mutation]
 13176 | D:10     | Gained mutation: You occasionally shout uncontrollably at
                  | your foes. [potion of mutation]
 13176 | D:10     | Gained mutation: You are weak. (Str -2) [potion of
                  | mutation]
 13176 | D:10     | Gained mutation: You passively dampen the noise of your
                  | surroundings. [potion of mutation]
 13190 | D:10     | HP: 2/68 [Urug/silver javelin (5)]
 13201 | D:10     | Killed Urug
 14266 | D:10     | Noticed a two-headed ogre
 14279 | D:10     | Killed a two-headed ogre
 14280 | D:10     | Reached XP level 12. HP: 38/75 MP: 12/12
 14589 | D:10     | Reached skill level 9 in Shields
 14603 | D:10     | Noticed Psyche
 14619 | D:10     | Killed Psyche
 15699 | D:11     | Noticed a four-headed hydra
 15715 | D:11     | Killed a four-headed hydra
 15716 | D:11     | Reached skill level 10 in Shields
 16410 | D:12     | Noticed a death knight
 16833 | D:11     | HP: 3/76 [slime creature (6)]
 17899 | D:11     | Killed a death knight
 18658 | D:12     | Reached skill level 11 in Shields
 18748 | D:12     | Reached XP level 13. HP: 80/80 MP: 13/13
 18781 | D:12     | Lost mutation: You passively dampen the noise of your
                  | surroundings. [potion of mutation]
 18781 | D:12     | Lost mutation: Your flesh is cold resistant. (rC+) [potion
                  | of mutation]
 18781 | D:12     | Lost mutation: You occasionally shout uncontrollably at
                  | your foes. [potion of mutation]
 18781 | D:12     | Gained mutation: Your spells are a little harder to cast,
                  | but a little more powerful. [potion of mutation]
 18781 | D:12     | Gained mutation: You occasionally shout uncontrollably at
                  | your foes. [potion of mutation]
 18781 | D:12     | Gained mutation: You passively dampen the noise of your
                  | surroundings. [potion of mutation]
 18793 | D:12     | Found a staircase to the Orcish Mines.
 20549 | D:12     | Found a basalt altar of Yredelemnul.
 20598 | D:13     | Found a radiant altar of Vehumet.
 20647 | D:13     | Lost mutation: Your spells are a little harder to cast, but
                  | a little more powerful. [potion of mutation]
 20647 | D:13     | Lost mutation: You occasionally shout uncontrollably at
                  | your foes. [potion of mutation]
 20647 | D:13     | Lost mutation: You are weak. (Str -2) [potion of mutation]
 20647 | D:13     | Lost mutation: You passively dampen the noise of your
                  | surroundings. [potion of mutation]
 20647 | D:13     | Gained mutation: You are covered in fur. (AC +1) [potion of
                  | mutation]
 20659 | D:13     | Identified a scroll of acquirement
 20659 | D:13     | Acquired the +3 Mad Mage's Maulers {Infuse+∞ RegenMP Int-3}
 20659 | D:13     | Found the +3 Mad Mage's Maulers {Infuse+∞ RegenMP Int-3}
 20877 | D:13     | Found a hazy altar of Hepliaklqana.
 20892 | D:13     | Reached skill level 10 in Armour
 21010 | D:13     | Reached skill level 10 in Fighting
 21829 | D:13     | Reached skill level 12 in Shields
 21887 | D:13     | Found a bloodstained altar of Trog.
 22532 | D:14     | You fall into a shaft and drop 1 floor!
 22532 | D:15     | Entered Level 15 of the Dungeon
 22535 | D:15     | Noticed an ettin
 22553 | D:15     | Killed an ettin
 22960 | D:15     | Gained mutation: Your large and strong wings let you fly.
                  | [Gargoyle growth]
 22960 | D:15     | Reached XP level 14. HP: 72/88 MP: 0/14
 23889 | D:15     | Found a staircase to the Depths.
 23931 | D:15     | Noticed Josephine
 23939 | D:15     | Killed Josephine
 24180 | D:14     | Found a gate to the Vaults.
 24184 | D:14     | Reached skill level 10 in Stealth
 24294 | D:14     | Reached skill level 15 in Maces & Flails
 24346 | D:14     | Reached skill level 13 in Shields
 25442 | Temple   | Entered the Ecumenical Temple
 25668 | Lair:1   | Entered Level 1 of the Lair of Beasts
 26050 | Lair:1   | Noticed Maggie
 26061 | Lair:1   | Killed Maggie
 26748 | Lair:1   | Noticed Gastronok
 26787 | Lair:1   | Killed Gastronok
 28222 | Lair:2   | Reached XP level 15. HP: 51/96 MP: 1/15
 29437 | Lair:3   | Lost mutation: You are covered in fur. (AC +1) [potion of
                  | mutation]
 29437 | Lair:3   | Gained mutation: You tend to lose your temper in combat.
                  | [potion of mutation]
 29714 | Lair:3   | Reached skill level 14 in Shields
 29803 | Lair:3   | Found a staircase to the Snake Pit.
 29808 | Lair:3   | Lost mutation: You tend to lose your temper in combat.
                  | [potion of mutation]
 29808 | Lair:3   | Gained mutation: You are agile. (Dex +2) [potion of
                  | mutation]
 29808 | Lair:3   | Gained mutation: Your mind is acute. (Int +2) [potion of
                  | mutation]
 29808 | Lair:3   | Gained mutation: You are somewhat resistant to further
                  | mutation. [potion of mutation]
 30842 | Lair:4   | Found a staircase to the Shoals.
 32403 | Lair:6   | Entered Level 6 of the Lair of Beasts
 33099 | Lair:6   | Reached skill level 15 in Shields
 33591 | Lair:6   | Found a viscous altar of Jiyva.
 33591 | Lair:6   | Found a staircase to the Slime Pits.
 33923 | Lair:6   | Reached XP level 16. HP: 100/103 MP: 1/16
 35041 | Orc:1    | Entered Level 1 of the Orcish Mines
 35173 | Orc:1    | Found a frozen archway.
 35187 | IceCv    | Entered an ice cave
 35536 | IceCv    | Received a gift from Trog
 36831 | Orc:2    | Entered Level 2 of the Orcish Mines
 37224 | Orc:2    | Found Zaogh's Distillery.
 37229 | Orc:2    | Found Niydwyd's General Store.
 37450 | Orc:2    | Found a staircase to the Elven Halls.
 37469 | Orc:2    | Received a gift from Trog
 37794 | Orc:2    | Bought a potion of curing for 48 gold pieces
 37794 | Orc:2    | Bought a potion of curing for 48 gold pieces
 37794 | Orc:2    | Bought a potion of might for 64 gold pieces
 37794 | Orc:2    | Bought a potion of heal wounds for 80 gold pieces
 37794 | Orc:2    | Bought 2 potions of heal wounds for 160 gold pieces
 37794 | Orc:2    | Bought a potion of curing for 48 gold pieces
 37867 | Orc:2    | Reached skill level 16 in Shields
 38654 | Orc:2    | Found Haos's Jewellery Shop.
 38654 | Orc:2    | Found Witiuw's Antique Armour Boutique.
 38655 | Orc:2    | Found a one-way gate leading to the halls of Pandemonium.
 38657 | Orc:2    | Bought the ring of the Well-Known Scars {rC- Str+6 Int+3
                  | Slay+4} for 1387 gold pieces
 39495 | Snake:1  | Entered Level 1 of the Snake Pit
 40021 | Snake:1  | Found a shimmering altar of Xom.
 40325 | Snake:1  | Received a gift from Trog
 41562 | Snake:2  | Noticed Aizul
 41580 | Snake:2  | Killed Aizul
 41590 | Snake:2  | Reached XP level 17. HP: 94/111 MP: 0/17
 42266 | Snake:2  | Reached skill level 17 in Shields
 44433 | Snake:4  | Entered Level 4 of the Snake Pit
 44529 | Snake:4  | Received a gift from Trog
 44678 | Snake:4  | Found Jiekkeza's Jewellery Boutique.
 44679 | Snake:4  | Found Foburaca's Distillery.
 44679 | Snake:4  | Found Emuwkot's Distillery.
 44876 | Snake:4  | Found Iduh's Magic Scroll Shop.
 44884 | Snake:4  | Bought a potion of heal wounds for 90 gold pieces
 44884 | Snake:4  | Bought a potion of might for 72 gold pieces
 44884 | Snake:4  | Bought a potion of heal wounds for 90 gold pieces
 44884 | Snake:4  | Bought a potion of haste for 180 gold pieces
 44890 | Snake:4  | Bought a scroll of teleportation for 63 gold pieces
 44890 | Snake:4  | Bought a scroll of teleportation for 63 gold pieces
 44890 | Snake:4  | Bought a scroll of teleportation for 63 gold pieces
 45280 | Snake:4  | Noticed Mlioglotl
 45288 | Snake:4  | Noticed a bone dragon
 45302 | Snake:4  | Killed Mlioglotl
 45326 | Snake:4  | Noticed Saint Roka
 45327 | Snake:4  | Noticed Agnes
 45343 | Snake:4  | Killed Agnes
 45471 | Snake:4  | Reached skill level 18 in Shields
 45477 | Snake:4  | Received a gift from Trog
 45646 | Snake:4  | Reached skill level 15 in Fighting
 45755 | Snake:4  | Noticed Vashnia
 45793 | Snake:4  | Killed Vashnia
 45794 | Snake:4  | Reached XP level 18. HP: 103/119 MP: 0/18
 46379 | Snake:4  | Killed Saint Roka
 46917 | Snake:4  | Got a serpentine rune of Zot
 47277 | Slime:1  | Entered Level 1 of the Pits of Slime
 47653 | Slime:1  | Received a gift from Trog
 49132 | Slime:2  | Reached skill level 19 in Shields
 50652 | Slime:4  | Gained mutation: You sometimes lose the ability to read
                  | scrolls when taking damage. [a shining eye]
 51099 | Slime:5  | Entered Level 5 of the Pits of Slime
 52136 | Slime:5  | Reached XP level 19. HP: 125/125 MP: 0/19
 52356 | Slime:5  | Noticed the Royal Jelly
 52373 | Slime:5  | HP: 1/190 [rockslime[the Royal Jelly] (21)]
 52374 | Slime:5  | Splashed by the Royal Jelly's acid

Illustrated notes

Levels and vault maps discovered:
D:1:      saegor_arrival_simple_c, layout_basic, serial_shops, shop_statue,
          hellmonk_ecumenical_altar_slurped_away, minmay_tall_x
D:2:      layout_basic, basic_altar
D:3:      layout_basic, nicolae_overflow_ecumenical_swirl
D:4:      layout_basic, nrook_mini_vaults, minmay_diced_spiral, uniq_eustachio
D:5:      layout_loops_ring, minmay_temple_entry_slanted, uniq_blork_the_orc,
          uniq_duvessa
D:6:      minmay_goblin_kobold_castle, layout_rooms
D:7:      layout_loops_ring, grunt_ministairs_11
D:8:      layout_loops_cross, david_lair_shrubbed
D:9:      layout_roguey [special_room_kobold], uniq_maurice, uniq_harold,
          uniq_pikel
D:10:     wad_woods_minihive, layout_basic, statue_in_the_mist_lemuel,
          uniq_nergalle, uniq_urug, uniq_psyche
D:11:     layout_cross
D:12:     layout_loops_ring, zombieorc2_lemuel, ebering_dispersal_statue_hall,
          chequers_serial_rivers_small_3, yredelemnul_forgotten_temple_becter
D:13:     layout_stronghold, hangedman_feature_mirror, trog_hazing_becter
D:14:     layout_irregular_city, erik_vaults_1, skrybe_limestone_x
D:15:     hangedman_depths_entry_civil_slaughter, layout_cave_pools,
          grunt_decor_mini_mirrors, uniq_josephine
Temple:   kilobyte_greek_temple
Lair:1:   layout_regular_city, patterned_corridor, uniq_maggie, uniq_gastronok
Lair:2:   layout_loops_ring, special_room, ice2_lemuel, lemuel_fruit_tree,
          infiniplex_staircase_pool_2
Lair:3:   layout_small_grid, dummy_snake_entry, infiniplex_staircase_pool
Lair:4:   layout_cave_pods, elwin_shoals_entry_rocks, grunt_megastairs_4
Lair:5:   layout_loops_ring, lemuel_fruit_fields, serial_bayou_shore_b
Lair:6:   minmay_lair_end_enchanted_forest, layout_gridlike,
          dpeg_slime_entry_enclosed_altar
Snake:1:  layout_gridlike, basic_altar, nicolae_snake_snakes_in_the_grass
Snake:2:  layout_grid_maze, drop_trap, uniq_aizul
Snake:3:  layout_grid_maze
Snake:4:  snake_pit, layout_cave_town, serial_bayou_shore_a, minmay_shoptagon,
          uniq_mlioglotl, uniq_saint_roka, uniq_agnes, uniq_vashnia
Slime:1:  layout_caves
Slime:2:  layout_caves
Slime:3:  cheibrodos_slime_lost_civilization_2, layout_caves
Slime:4:  layout_caves, nicolae_slime_phagocytosis
Slime:5
Orc:1:    cheibrodos_orc_guarddog, layout_diamond_mine,
          portal_ice_cave_entry_pillars_2
Orc:2:    pf_orc_diabolical, layout_caves, nicolae_orc_lava_tube

Skill      XL: |  1  2  3  4  5  6  7  8  9 10 11 12 13 14 15 16 17 18 |
---------------+-------------------------------------------------------+-----
Stealth        | 1 2 3 4 5 6 7 8 9 10 11 12 13 | 13.9
Maces & Flails | 4 5 6 8 9 10 12 13 14 15 16 17 18 | 18.8
Fighting       | 4 5 6 7 8 9 10 11 12 14 15 16 | 16.4
Armour         | 3 4 5 6 7 8 9 10 11 12 13 14 | 14.5
Shields        | 1 2 3 5 7 8 11 12 13 15 16 18 19 | 19.5
Dodging        | |  1.5

Action                   |  1- 3 |  4- 6 |  7- 9 | 10-12 | 13-15 | 16-18 | 19-21 || total
-------------------------+-------+-------+-------+-------+-------+-------+-------++-------
Melee: Mace              |    84 |   206 |   529 |   205 |       |       |       ||  1024
       Punch             |       |     1 |       |       |       |       |       ||     1
       Morningstar       |       |       |    50 |   639 |  1300 |   285 |       ||  2274
       Whip              |       |       |       |    37 |   110 |       |       ||   147
       Unarmed           |       |       |       |    15 |       |       |       ||    15
       Demon whip        |       |       |       |       |       |  1353 |    56 ||  1409
Throw: Throwing net      |       |       |       |       |     1 |       |       ||     1
Invok: Berserk           |       |     6 |     9 |    21 |    23 |    22 |     1 ||    82
       Trog's Hand       |       |       |     2 |    10 |     7 |     4 |       ||    23
       Brothers in Arms  |       |       |     1 |     3 |     1 |       |       ||     5
Evoke: Wand              |       |       |       |     2 |       |       |       ||     2
  Use: Scroll            |     4 |     5 |       |    12 |     9 |     1 |       ||    31
       Potion            |       |       |       |     9 |     7 |     1 |       ||    17
 Stab: Sleeping          |     1 |       |       |       |    11 |    17 |       ||    29
       Distracted        |       |       |       |       |       |     3 |       ||     3
Armor: Animal skin       |     7 |       |       |       |       |       |       ||     7
       Leather armour    |    15 |       |       |       |       |       |       ||    15
       Scale mail        |    16 |       |       |       |       |       |       ||    16
       Chain mail        |       |   138 |   318 |    11 |       |       |       ||   467
       Plate armour      |       |       |       |   595 |   432 |       |       ||  1027
       Skin              |       |       |       |       |     9 |       |       ||     9
       Ice dragon scales |       |       |       |       |   231 |   437 |    25 ||   693
Dodge: Dodged            |    54 |    86 |   149 |   239 |   253 |   245 |    10 ||  1036
Block: Buckler           |       |    29 |    10 |       |       |   126 |       ||   165
       Kite shield       |       |       |   373 |   783 |  1134 |   968 |    30 ||  3288
       Reflection        |       |       |       |       |     2 |   110 |     2 ||   114
